 Dungeon Crawl Stone Soup version 0.30.0-15-g856e2d3f33 (webtiles) character file.

Game seed: 7455815776676167808

3834 qw the Cleaver (level 10, -2/63 HPs)
             Began as a Gargoyle Fighter on May 20, 2023.
             Was a Follower of Okawaru.
             Slain by a death yak (6 damage)
             ... on level 8 of the Dungeon.
             The game lasted 00:03:26 (6650 turns).

qw the Cleaver (Gargoyle Fighter)                   Turns: 6650, Time: 00:03:27

Health: -2/63      AC: 25    Str: 25    XL:     10   Next: 18%
Magic:  13/13      EV:  9    Int:  8    God:    Okawaru [*.....]
Gold:   329        SH:  4    Dex:  9    Spells: 9/9 levels left

rFire   . . .        o - +0 war axe (vamp)
rCold   . . .        c - +0 buckler
rNeg    + . .        r - +0 chain mail
rPois   inf          t - +1 helmet
rElec   +            (no cloak)
rCorr   .            (no gloves)
SInv    +            m - +0 pair of boots
Will    .....        (no amulet) Stlth
                     g - +4 ring of protection
HPRegen 0.30/turn    h - ring of see invisible
MPRegen 0.13/turn

%: no passive effects
@: no status effects
A: sickness immunity, AC +7, negative energy resistance 1, electricity
resistance, torment resistance 1, petrification resistance
a: Renounce Religion, Heroism


You were on level 8 of the Dungeon.
You worshipped Okawaru.
Okawaru was aware of your devotion.
You visited 2 branches of the dungeon, and saw 9 of its levels.

You collected 329 gold pieces.


Innate Abilities, Weirdness & Mutations

You are immune to sickness and miasma.
Your stone body is resilient. (AC +7)
You are immune to poison.
You resist negative energy. (rN+)
You are resistant to electric shocks. (rElec)
You are resistant to unholy torment.
You are immune to petrification.


   Skills:
 - Level 7.1 Fighting
 + Level 9.8 Axes
 - Level 7.1 Armour
 - Level 2.1 Dodging
 - Level 4.2 Shields
 - Level 4.1 Invocations


You had 9 spell levels left.
You didn't know any spells.
Your spell library was empty.

Inventory:

Hand Weapons
 j - a +0 morningstar
 o - a +0 vampiric war axe (weapon)
Armour
 c - a +0 buckler (worn)
 m - a +0 pair of boots (worn)
 r - a +0 chain mail (worn)
 t - a +1 helmet (worn)
Jewellery
 g - a +4 ring of protection (left hand)
 h - a ring of see invisible (right hand)
 n - a ring of resist corrosion
Wands
 f - a wand of digging (6)
Scrolls
 a - 2 scrolls of identify
Potions
 b - 3 potions of curing
 d - a potion of might
 e - a potion of resistance
 i - 4 potions of attraction
 l - 3 potions of haste
 p - 2 potions of mutation

Dungeon Overview and Level Annotations

Branches:
Dungeon (8/15)             Temple (1/1) D:4
   Lair: D:8-11

Altars:
Elyvilon
Gozag
Hepliaklqana
Kikubaaqudgha
Nemelex Xobeh
Okawaru
Qazlal
Ru
Sif Muna
Trog
Uskayaw
Wu Jian
Xom
Yredelemnul
The Shining One

Shops:
D:4 (


Message History

The death yak gores you but does no damage.
The death yak gores you! The death yak closely misses you.
The death yak gores you!
The death yak gores you but does no damage.
6645 ||| DRINKING potion of heal wounds.
You feel much better. The death yak gores you.
You block the death yak's attack. The death yak misses you.
The death yak gores you! The death yak gores you.
You slash the death yak!
The death yak is severely wounded.
You hit the death yak.
You feel better.
You slash the death yak!
You feel better.
You slash the death yak! x2; You feel better.
You slash the death yak!
You feel better.
The death yak is severely wounded.
You slash the death yak! x2; You feel better.
You barely miss the death yak. You hit the death yak but do no damage.
The death yak gores you.
The death yak gores you but does no damage. x2
You block the death yak's attack. The death yak gores you!
You barely miss the death yak.
The death yak is severely wounded.
You hit the death yak.
You feel better.
You barely miss the death yak. You hit the death yak.
You feel better.
You slash the death yak! You block the death yak's attack.
The death yak misses you. The death yak gores you!
You block the death yak's attack. The death yak closely misses you.
You slash the death yak!
You feel better.
You kill the death yak!
Okawaru is honoured by your kill.
You hit the death yak. You slash the death yak!
You feel better.
You hit the death yak.
You feel better.
You hit the death yak. The death yak gores you!! The death yak gores you.
The death yak gores you! x2
You barely miss the death yak.
The death yak is almost dead.
You barely miss the death yak. You slash the death yak!
You barely miss the death yak. You hit the death yak but do no damage.
You feel like a meek peon again.
The death yak gores you but does no damage.
The death yak gores you.
You die...

#..#.. ..#
#.#......##
#.#.. ./... #
#...#.... . #.
#...#... ..
..#..#...#.##...
.......<)%......
........YY......
.##.####@YY.....
# #YYc.#...
.Y..## .. #....#
##...# .....
...... .......


You could see 7 death yaks and a centaur.

Vanquished Creatures
  2 death yaks (D:8)
  3 yaks (D:6)
  A steam dragon (D:6)
  2 water moccasins (D:5)
  3 black bears
  2 orc warriors (D:7)
  A sky beast (D:7)
  2 ogres (D:6)
  2 phantoms
  A kobold brigand (D:8)
  A bullfrog (D:6)
  3 scorpions
  3 wights (D:7)
  A crimson imp (D:5)
  2 jellies
  An orc priest (D:7)
  3 hounds
  A sleepcap (D:5)
  2 iguanas
  3 orc wizards
  8 gnolls
  5 adders
  3 white imps (D:5)
  2 worms (D:3)
  3 dart slugs
  22 orcs
  10 ball pythons
  10 endoplasms
  3 giant cockroaches
  6 goblins
  5 hobgoblins
  4 jackals (D:5)
  5 quokkas
  7 bats
  3 frilled lizards
  9 kobolds
  5 rats
149 creatures vanquished.

Notes
Turn   | Place    | Note
-------+----------+-------------------------------------------
     0 | D:1      | qw the Gargoyle Fighter began the quest for the Orb.
     0 | D:1      | Reached XP level 1. HP: 14/14 MP: 1/1
     0 | D:1      | 0 ||| qw: Version: 0.2-a-97-g499787f
     0 | D:1      | 0 ||| qw: Game counter: 83
     0 | D:1      | 0 ||| qw: Always use a shield: true
     0 | D:1      | 0 ||| qw: God list: Okawaru
     0 | D:1      | 0 ||| qw: Allow faded altars: false
     0 | D:1      | 0 ||| qw: Do Orc after D:15 true
     0 | D:1      | 0 ||| qw: Do second Lair branch before Depths: true
     0 | D:1      | 0 ||| qw: Lair rune preference: random
     0 | D:1      | 0 ||| qw: Plans: Normal, Zot:1-4, God:TSO, Crypt, Tomb,
                  | Pan, Slime:5, Hells, Abyss, Win
     0 | D:1      | 0 ||| PLANNING D:1-11
     9 | D:1      | Noticed a bullfrog
    66 | D:1      | Reached skill level 2 in Axes
   164 | D:1      | Reached XP level 2. HP: 19/19 MP: 2/2
   488 | D:1      | Reached skill level 3 in Axes
   602 | D:1      | Reached XP level 3. HP: 22/23 MP: 3/3
   759 | D:1      | 759 ||| UPGRADING to +0 pair of boots.
   764 | D:1      | 764 ||| READING 3 scrolls labelled ORRIASCHABINAUPN.
   765 | D:1      | 765 ||| READING scroll labelled VEUDWEYPAFF.
   766 | D:1      | 766 ||| READING scroll labelled HYISMEM WARHIO.
   767 | D:1      | 767 ||| READING scroll labelled KAOTOV BUSH.
   768 | D:1      | 768 ||| READING 2 scrolls of identify.
   768 | D:1      | 768 ||| IDENTIFYING brown potion
  1144 | D:2      | Reached skill level 4 in Axes
  1144 | D:2      | Reached XP level 4. HP: 22/28 MP: 4/4
  1170 | D:2      | 1170 ||| DROPPING +0 whip.
  1223 | D:2      | Found a hide-covered altar of Uskayaw.
  1450 | D:2      | 1450 ||| UPGRADING to +4 ring of protection.
  1451 | D:2      | 1451 ||| UPGRADING to ring of see invisible.
  1452 | D:2      | 1452 ||| READING scroll labelled IKHOEHA IPNAZUC.
  1472 | D:3      | 1472 ||| STAIRDANCE
  1588 | D:3      | Found a glowing golden altar of the Shining One.
  1588 | D:3      | Found a sacrificial altar of Ru.
  1596 | D:3      | Found a shimmering altar of Xom.
  1599 | D:3      | Found an opulent altar of Gozag.
  1601 | D:3      | Found an ornate altar of the Wu Jian Council.
  1875 | D:3      | Reached XP level 5. HP: 32/32 MP: 5/5
  1945 | D:3      | Found a sparkling altar of Nemelex Xobeh.
  2335 | D:3      | 2335 ||| UPGRADING to +0 chain mail.
  2345 | D:3      | 2345 ||| DROPPING +0 scale mail.
  2346 | D:3      | 2346 ||| READING scroll labelled UFIAFR BEINTE.
  2347 | D:3      | 2347 ||| READING scroll labelled WOSAUNW QOOSH.
  2348 | D:3      | 2348 ||| READING 2 scrolls labelled LIEHEU XEGIWIL.
  2351 | D:3      | 2351 ||| DRINKING 2 sedimented cyan potions.
  2352 | D:3      | 2352 ||| READING 2 scrolls of identify.
  2352 | D:3      | 2352 ||| IDENTIFYING bubbling green potion
  2404 | D:4      | 2404 ||| Stepping ~*~*~tactically~*~*~ (stealth).
  2422 | D:4      | Reached skill level 5 in Axes
  2565 | D:4      | 2565 ||| Stepping ~*~*~tactically~*~*~ (hiding).
  2700 | D:4      | Reached XP level 6. HP: 19/38 MP: 3/6
  2773 | D:4      | 2773 ||| DROPPING +2 whip of venom.
  2845 | D:4      | Found Nibaomn's Antique Weapon Shop.
  2848 | D:4      | 2848 ||| SHOPLISTING fading war axe (238 gold, have 136).
  2848 | D:4      | 2848 ||| SHOPLISTING runed flail (182 gold, have 136).
  3000 | D:4      | 3000 ||| DROPPING +0 heavy mace.
  3053 | D:4      | 3053 ||| Stepping ~*~*~tactically~*~*~ (stealth).
  3273 | D:4      | Found a staircase to the Ecumenical Temple.
  3274 | D:4      | 3274 ||| PLANNING TEMPLE
  3274 | D:4      | 3274 ||| READING scroll labelled JOPHUU YSIWN.
  3275 | D:4      | 3275 ||| DRINKING 2 purple potions.
  3276 | D:4      | 3276 ||| READING 3 scrolls of identify.
  3276 | D:4      | 3276 ||| IDENTIFYING sedimented silvery potion
  3277 | D:4      | 3277 ||| READING 2 scrolls of identify.
  3277 | D:4      | 3277 ||| IDENTIFYING puce potion
  3278 | D:4      | 3278 ||| DROPPING potion of brilliance.
  3302 | Temple   | Entered the Ecumenical Temple
  3339 | Temple   | 3339 ||| PLANNING D:1-11
  3558 | D:5      | Entered Level 5 of the Dungeon
  3589 | D:5      | HP: 7/38 [iguana (11)]
  3590 | D:5      | 3590 ||| READING 2 scrolls of teleportation.
  3590 | D:5      | HP: 3/38 [iguana (4)]
  3591 | D:5      | 3591 ||| DRINKING 2 potions of heal wounds.
  3595 | D:5      | Noticed a water moccasin
  3612 | D:5      | Killed a water moccasin
  3613 | D:5      | Reached skill level 6 in Axes
  3613 | D:5      | Reached XP level 7. HP: 37/43 MP: 7/7
  3722 | D:5      | 3722 ||| Stepping ~*~*~tactically~*~*~ (hiding).
  3958 | D:5      | 3958 ||| Stepping ~*~*~tactically~*~*~ (stealth).
  4002 | D:5      | Reached skill level 7 in Axes
  4123 | D:5      | Found an iron altar of Okawaru.
  4124 | D:5      | 4124 ||| PLANNING OKAWARU WORSHIP
  4127 | D:5      | 4127 ||| UPGRADING to +0 helmet.
  4132 | D:5      | 4132 ||| READING scroll labelled KEULE GUIS.
  4133 | D:5      | 4133 ||| READING 3 scrolls of identify.
  4133 | D:5      | 4133 ||| IDENTIFYING pink potion
  4134 | D:5      | 4134 ||| READING 2 scrolls of identify.
  4134 | D:5      | 4134 ||| IDENTIFYING bubbling cyan potion
  4135 | D:5      | 4135 ||| DROPPING potion of magic.
  4136 | D:5      | 4136 ||| DROPPING potion of berserk rage.
  4143 | D:5      | Became a worshipper of Warmaster Okawaru
  4143 | D:5      | 4143 ||| PLANNING D:1-11
  4147 | D:5      | Identified the +1 mace of Decaying Tenacity {pain, Str+6}
  4149 | D:5      | 4149 ||| DROPPING +1 mace of Decaying Tenacity {pain,
                  | Str+6}.
  4229 | D:5      | Reached XP level 8. HP: 48/48 MP: 8/8
  4394 | D:5      | 4394 ||| DROPPING amulet of magic regeneration.
  4395 | D:5      | 4395 ||| READING scroll labelled RATTEP REF KYST.
  4491 | D:6      | 4491 ||| Stepping ~*~*~tactically~*~*~ (hiding).
  4505 | D:6      | Reached skill level 8 in Axes
  4563 | D:6      | HP: 9/49 [ogre/+0 giant spiked club (15)]
  4564 | D:6      | 4564 ||| READING scroll of teleportation.
  4565 | D:6      | 4565 ||| DRINKING 2 potions of heal wounds.
  4988 | D:6      | Reached * piety under Okawaru
  4989 | D:6      | Reached skill level 6 in Fighting
  5185 | D:6      | Noticed a yak
  5186 | D:6      | 5186 ||| Stepping ~*~*~tactically~*~*~ (stealth).
  5187 | D:6      | 5187 ||| Stepping ~*~*~tactically~*~*~ (stealth).
  5188 | D:6      | Noticed a yak
  5189 | D:6      | 5189 ||| Stepping ~*~*~tactically~*~*~ (stealth).
  5194 | D:6      | Noticed a yak
  5199 | D:6      | 5199 ||| INVOKING Heroism.
  5201 | D:6      | Killed a yak
  5202 | D:6      | Reached XP level 9. HP: 38/55 MP: 6/10
  5209 | D:6      | Reached skill level 3 in Invocations
  5354 | D:6      | 5354 ||| READING scroll of enchant armour.
  5354 | D:6      | 5354 ||| ENCHANTING +0 helmet.
  5405 | D:6      | 5405 ||| READING 3 scrolls of identify.
  5405 | D:6      | 5405 ||| IDENTIFYING glowing amethyst potion
  5406 | D:6      | 5406 ||| DROPPING potion of invisibility.
  5502 | D:7      | 5502 ||| INVOKING Heroism.
  5528 | D:7      | 5528 ||| DROPPING +2 antimagic flail.
  5681 | D:7      | 5681 ||| Stepping ~*~*~tactically~*~*~ (stealth).
  5682 | D:7      | 5682 ||| Stepping ~*~*~tactically~*~*~ (stealth).
  5683 | D:7      | 5683 ||| Stepping ~*~*~tactically~*~*~ (stealth).
  5692 | D:7      | 5692 ||| Stepping ~*~*~tactically~*~*~ (stealth).
  5855 | D:7      | 5855 ||| Stepping ~*~*~tactically~*~*~ (stealth).
  5856 | D:7      | 5856 ||| Stepping ~*~*~tactically~*~*~ (stealth).
  5857 | D:7      | 5857 ||| INVOKING Heroism.
  5861 | D:7      | 5861 ||| Stepping ~*~*~tactically~*~*~ (stealth).
  5874 | D:7      | Reached skill level 9 in Axes
  6102 | D:7      | 6102 ||| INVOKING Heroism.
  6303 | D:7      | 6303 ||| INVOKING Heroism.
  6539 | D:7      | Found a shimmering blue altar of Sif Muna.
  6592 | D:7      | 6592 ||| READING 3 scrolls of identify.
  6592 | D:7      | 6592 ||| IDENTIFYING ruby potion
  6593 | D:7      | 6593 ||| DROPPING potion of degeneration.
  6621 | D:8      | Noticed a death yak
  6622 | D:8      | 6622 ||| INVOKING Heroism.
  6624 | D:8      | Noticed a death yak
  6625 | D:8      | Noticed a death yak
  6627 | D:8      | Noticed a death yak
  6627 | D:8      | Noticed a death yak
  6629 | D:8      | Noticed a death yak
  6629 | D:8      | Noticed a death yak
  6629 | D:8      | Noticed a death yak
  6631 | D:8      | Noticed a death yak
  6639 | D:8      | Killed a death yak
  6640 | D:8      | Reached XP level 10. HP: 34/63 MP: 13/13
  6644 | D:8      | HP: 14/63 [death yak (7)]
  6644 | D:8      | HP: 6/63 [death yak (8)]
  6645 | D:8      | 6645 ||| DRINKING potion of heal wounds.
  6649 | D:8      | Killed a death yak
  6649 | D:8      | HP: 12/63 [death yak (13)]
  6649 | D:8      | HP: 3/63 [death yak (9)]
  6650 | D:8      | Slain by a death yak

Levels and vault maps discovered:
D:1:      evilmike_arrival_come_back, layout_loops_ring
D:2:      layout_basic, basic_altar
D:3:      layout_basic, nemelex_spade_bored_becter,
          chequers_temple_overflow_minitemple
D:4:      layout_gridville, minmay_temple_entry_overgrown, serial_shops, shop
D:5:      nicolae_BIG_FREAKIN_CUBE, layout_rooms, okawaru_ov_weapons_minmay,
          minmay_fire_ice_demons
D:6:      layout_basic
D:7:      layout_layer_cave, led_sif_pool
D:8:      layout_cave_pools, nicolae_dithmenos_through_a_glass_darkly,
          grunt_temple_overflow_open, dpeg_lair_monsters,
          hangedman_abyss_or_decor_stagger, grunt_ministairs_8, uniq_maggie
Temple:   nicolae_temple_ecumenical_triangle

Skill      XL: |  1  2  3  4  5  6  7  8  9 |
---------------+----------------------------+-----
Axes           | 2 3 4 5 6 7 8 9 |  9.8
Fighting       | 4 6 7 |  7.1
Dodging        | 2 |  2.1
Armour         | 4 7 |  7.1
Invocations    | 2 4 |  4.1
Shields        | 4 |  4.2

Action                     |  1- 3 |  4- 6 |  7- 9 | 10-12 || total
---------------------------+-------+-------+-------+-------++-------
  Melee: War axe           |   106 |   190 |   232 |    10 ||   538
 Invoke: Heroism           |       |       |     6 |       ||     6
    Use: Scroll            |     5 |     9 |     8 |       ||    22
         Potion            |       |     3 |     1 |     1 ||     5
 Armour: Scale mail        |    53 |    28 |       |       ||    81
         Chain mail        |       |   135 |   151 |     7 ||   293
  Dodge: Dodged            |    43 |   104 |    84 |     6 ||   237
  Block: Buckler           |    28 |    33 |    40 |     7 ||   108

Table legend:
 A = Non-vault XP
 B = Vault XP
 C = Vault XP percentage of total XP
 D = Non-vault monster count
 E = Vault monster count
 F = Vault count percentage of total count
                 A         B        C        D         E       F
            +---------+---------+-------+---------+---------+-------
      Total |    3836 |    1642 |  30.0 |     145 |       4 |   2.7
            +---------+---------+-------+---------+---------+-------
        D:1 |      35 |       0 |   0.0 |      19 |       0 |   0.0
        D:2 |      99 |       0 |   0.0 |      26 |       0 |   0.0
        D:3 |      78 |       0 |   0.0 |      19 |       0 |   0.0
        D:4 |     233 |       0 |   0.0 |      21 |       0 |   0.0
        D:5 |     793 |      58 |   6.8 |      23 |       2 |   8.0
        D:6 |    1472 |       0 |   0.0 |      15 |       0 |   0.0
        D:7 |     897 |       0 |   0.0 |      16 |       0 |   0.0
        D:8 |     229 |    1584 |  87.4 |       6 |       2 |  25.0
            +---------+---------+-------+---------+---------+-------
